[Event "Prague Festival Open 2022"]
[Site "Prague"]
[Date "2022.06.10"]
[Round "1.1"]
[White "Boulahfa, Hicham"]
[Black "Motylev, Alexander"]
[Result "0-1"]
[ECO "B23"]
[WhiteElo "2086"]
[BlackElo "2633"]
[Annotator "TA"]
[PlyCount "190"]
[EventDate "2022.06.10"]
[EventType "swiss"]
[EventCountry "CZE"]
[SourceTitle "playchess.com"]
[Source "ChessBase"]
[SourceQuality "1"]
[TimeControl "40/5400+30:1800+30"]

1. e4 c5 2. Nc3 a6 3. a4 Nc6 4. g3 g6 5. Bg2 Bg7 6. Nge2 {[%emt 0:00:23] B23: Closed Sicilian: Lines without g3.} e6 7. d3 Nge7 8. Be3 {[%emt 0:00:07] The position is equal.} Nd4 9. Qd2 d6 10. O-O {[%emt 0:00:13] [#]} Bd7 $146 ({Predecessor:} 10... O-O 11. f4 Rb8 12. g4 f5 13. h3 b5 14. axb5 axb5 15. Ng3 b4 16. Nd1 Bb7 {1-0 (46) Marcziter,D (2243)-Boskovic,D (2457) Chess.com INT 2021}) 11. Nc1 (11. Bh6 $5 O-O 12. Bxg7 Kxg7 13. Nd1 $11) 11... O-O 12. Nd1 b5 13. c3 Ndc6 14. axb5 axb5 15. Rxa8 Qxa8 16. Bh6 Bxh6 17. Qxh6 Qa1 18. Ne2 b4 19. Qf4 Ne5 20. d4 Bb5 21. Ne3 $2 Qxb2 $19 22. dxe5 {[%emt 0:00:17][%cal Oc3c4] And now c4! would win.} dxe5 (22... Qxe2 23. exd6 Nc6 24. cxb4 $11) 23. Qf6 Bxe2 24. Qxe7 Qxc3 ({Weaker is} 24... Bxf1 25. Bxf1 bxc3 26. Qxc5 $17) ({Black should play} 24... b3 $1 $17 25. Re1 (25. Qxc5 Bxf1 26. Bxf1 Qc1 $17) 25... Qd2 26. Rxe2 Qxe2) 25. Rb1 $11 b3 26. Bf1 Bxf1 27. Rxf1 b2 {[%emt 0:01:58] Strongly threatening ...Rb8.} 28. Qb7 {[%emt 0:13:12] Inhibits Rb8.} (28. Ng4 $11) 28... Qc1 $1 $19 29. Qb3 Kg7 $2 ({Better is} 29... Ra8 $1 $19 {...Kg7 is the strong threat.} 30. Qb7 Qa1) 30. Qd1 $15 Qxd1 31. Rxd1 {[%emt 0:00:07][%mdl 4096] Endgame KRN-KR} Ra8 $1 {[%emt 0:00:33] aiming for ...Ra1.} 32. Nc4 $1 Rb8 33. Rb1 Rb4 34. Nxe5 c4 {[%emt 0:01:21] Against Nd3} ({Resist} 34... Rxe4 35. Nd7 $16 (35. Nd3 c4 $16)) 35. Nxc4 Rxc4 36. Rxb2 Rxe4 {[%emt 0:00:02] KR-KR} 37. h4 h6 38. Kg2 Ra4 39. Kf3 Kf6 40. Rb3 Ra5 41. Rb7 Ra3+ 42. Kg2 Ra6 43. Kf3 e5 44. Rc7 h5 45. Rb7 Ke6 46. Rc7 Ra3+ 47. Kg2 Rd3 48. Ra7 e4 49. Ra6+ Ke5 (49... Rd6 $5 50. Ra5 Rd2 $17) 50. Ra5+ Rd5 51. Ra7 f6 52. Ra6 Kf5 53. Rb6 Ra5 54. Rb4 Ke5 55. Rb6 Rd5 56. Ra6 $1 Rb5 57. Ra4 Rb6 58. Ra5+ Ke6 59. Ra4 f5 60. Ra5 Kd6 61. Ra8 Ke5 62. Ra5+ Kf6 63. Ra8 Re6 64. Rb8 Ra6 65. Rf8+ Kg7 66. Rb8 Ra7 67. Rb6 Kf7 68. Rb8 Re7 69. Ra8 Kf6 70. Ra6+ Re6 71. Ra8 Re7 72. Ra6+ Kg7 73. Ra8 Rf7 74. Ra4 Kh6 75. Rb4 Rf6 76. Ra4 g5 77. hxg5+ Kxg5 78. Ra8 Rb6 79. Rc8 Rg6 80. Rc5 h4 81. gxh4+ Kxh4+ 82. Kf1 Kg4 83. Ra5 Rd6 84. Ke2 Rb6 {[%emt 0:00:00] ( -> ...Rb2+)} 85. Ra8 $2 (85. Ra4 $17) 85... Rb2+ $19 86. Ke3 f4+ {[%emt 0:00:00] Black mates.} 87. Kxe4 Re2+ 88. Kd3 Rxf2 89. Rf8 Rh2 90. Rf7 f3 91. Rg7+ Kf4 92. Rf7+ {[%emt 0:00:00] [#]} Kg3 $1 93. Rg7+ {[%emt 0:00:00] [#]} Kf2 $1 94. Rf7 Rh8 95. Ke4 Ke2 {[%emt 0:00:00] Weighted Error Value: White=0.21 (precise) /Black=0.16 (very precise)} 0-1

[Event "Prague Festival Open 2022"]
[Site "Prague"]
[Date "2022.06.10"]
[Round "1.2"]
[White "Wagner, Dennis"]
[Black "Bazilius, Augustinas"]
[Result "1-0"]
[ECO "B28"]
[WhiteElo "2586"]
[BlackElo "2025"]
[Annotator "TA"]
[PlyCount "29"]
[EventDate "2022.06.10"]
[EventType "swiss"]
[EventCountry "CZE"]
[SourceTitle "playchess.com"]
[Source "ChessBase"]
[SourceQuality "1"]
[TimeControl "40/5400+30:1800+30"]

1. e4 c5 2. Nf3 a6 3. c3 d5 4. exd5 Qxd5 5. d4 Nf6 6. Be3 {[%emt 0:00:18] B28: Sicilian: 2 Nf3 a6 (O'Kelly Variation).} cxd4 7. cxd4 Bg4 8. Nc3 {[%emt 0:03:19] White is better.} Qd6 9. Qb3 {[%emt 0:10:17] [#] Hoping for Ne5.} b5 $146 ({Predecessor:} 9... Bxf3 10. gxf3 Nc6 11. Qxb7 Rb8 12. Qxa6 Rxb2 13. Bb5 Rxb5 14. Nxb5 Qb4+ 15. Bd2 Qb2 16. Qc8+ Nd8 17. Nc7# {1-0 (17) Matinian,N (2436)-Marcziter,D (2243) Chess.com INT 2021}) 10. Rc1 (10. Nxb5 axb5 11. Ne5 Be6 12. Qxb5+ Nbd7 $17) 10... Nbd7 {[%emt 0:07:49] [#]} (10... Bxf3 $14 11. gxf3 e6) 11. Bxb5 $1 $16 {[%emt 0:06:26][%cal Of3e5][%mdl 512] Black must now prevent Ne5!} Rb8 $2 (11... axb5 $2 12. Nxb5 Qb8 13. Nc7+ Kd8 14. Ng5 Qxb3 15. axb3 $18) (11... Bxf3 $16 {was necessary.} 12. gxf3 (12. Bxd7+ Qxd7 13. gxf3 g6 $14) 12... e6) (11... e6 12. Qa4) 12. Ne5 $18 Be6 (12... axb5 $2 13. Nxb5 Nd5 14. Nxd6+ $18) 13. Qc2 ({Less strong is} 13. Bxd7+ Nxd7 14. Qa4 g5 $18) 13... Qc7 (13... axb5 $2 14. Nxb5 Nxe5 15. Nxd6+ exd6 16. dxe5 $18) (13... Rc8 $142) 14. Ba4 {[%emt 0:03:25] And now Bf4 would win.} g6 15. Bf4 {[%emt 0:03:07] Black got outplayed after the opening.  Weighted Error Value: White=0.17 (very precise) /Black=0.65} 1-0

[Event "Prague Festival Open 2022"]
[Site "Prague"]
[Date "2022.06.10"]
[Round "1.3"]
[White "Ruzicka, Ales"]
[Black "Huzman, Alexander"]
[Result "0-1"]
[ECO "B19"]
[WhiteElo "2097"]
[BlackElo "2541"]
[Annotator "TA"]
[PlyCount "94"]
[EventDate "2022.06.10"]
[EventType "swiss"]
[EventCountry "CZE"]
[SourceTitle "playchess.com"]
[Source "ChessBase"]
[SourceQuality "1"]
[TimeControl "40/5400+30:1800+30"]

1. e4 c6 2. d4 d5 3. Nc3 dxe4 4. Nxe4 Bf5 5. Ng3 Bg6 6. h4 h6 7. Nf3 Nd7 8. Bd3 Bxd3 9. Qxd3 Ngf6 10. Bd2 e6 11. O-O-O Qc7 12. Rhe1 O-O-O 13. Ne4 c5 {[%emt 0:03:42] [#] B19: Classical Caro-Kann: 4...Bf5 main line.} 14. Bc3 $146 ({Predecessor:} 14. Qe2 Nxe4 15. Qxe4 Nf6 16. Qe5 Bd6 17. Qe2 c4 18. Ne5 Bxe5 19. Qxe5 Nd5 20. f4 g6 21. g4 Qxe5 22. fxe5 {1-0 (53) Matonoha,C (2052)-Hucin,J (2075) Czech Republic 2017}) 14... c4 15. Qd2 Nxe4 {[%emt 0:03:51] Black is slightly better.} 16. Rxe4 Nf6 17. Ree1 Bd6 {[%emt 0:03:47] White must now prevent ...Bf4.} 18. Kb1 Nd5 19. g3 Kb8 20. Ne5 Ka8 21. a4 (21. Ng4 $15) 21... Rhe8 22. Ng4 Qc6 23. Ne3 Qxa4 {[%emt 0:03:03] Black is much more active.} 24. Nxd5 exd5 25. Rxe8 Rxe8 ({Weaker is} 25... Qxe8 26. Re1 Qd7 27. Bb4 $15) 26. Re1 Qd7 27. Bb4 {[%emt 0:02:03] [#]} Bc7 $1 28. Qd1 Rxe1 29. Qxe1 $17 {[%emt 0:01:55][%mdl 4096] Endgame KQB-KQB} h5 30. Qe2 g6 31. Qf3 Qe6 32. Bd2 Bd6 33. Ka2 b5 34. c3 (34. Bf4 {keeps fighting.} Bxf4 35. Qxf4) 34... Kb7 35. Bg5 (35. Bf4 {was worth a try.}) 35... Kc6 36. Be3 (36. b4 $142) 36... a5 $19 37. b3 $2 (37. Qe2 Qe4 38. Ka1) 37... Qe4 38. Qxe4 dxe4 39. bxc4 bxc4 {[%emt 0:01:23] KB-KB} 40. Bf4 Be7 41. Bc1 f6 42. Bd2 g5 {[%emt 0:01:56] [#] ( -> ...gxh4)} 43. Bc1 gxh4 {[%emt 0:00:40] Black mates.} 44. gxh4 f5 45. Bg5 Bd6 46. Bd2 f4 47. Kb2 Kd5 {[%emt 0:01:01] White did not feel at home in the position after the opening.  Weighted Error Value: White=0.98/Black=0.17 (very precise)} (47... a4 $142 48. Ka2 Be7 49. Bxf4 Bxh4 50. Be3 Be7 51. Bf4 h4 52. Kb2 Bd6 53. Be5 h3 54. Kc1 Bxe5 55. dxe5 h2 56. e6 h1=Q+ 57. Kc2 a3 58. e7 Kd7 59. Kd2 Qf3 60. Kc2 Kxe7 61. Kc1 Qxf2 62. Kd1 a2 63. Kc1 a1=Q#) 0-1

[Event "Prague Festival Open 2022"]
[Site "Prague"]
[Date "2022.06.10"]
[Round "1.4"]
[White "Stefansson, Hannes"]
[Black "Devnani Kush"]
[Result "1-0"]
[ECO "B51"]
[WhiteElo "2534"]
[BlackElo "2086"]
[Annotator "TA"]
[PlyCount "71"]
[EventDate "2022.06.10"]
[EventType "swiss"]
[EventCountry "CZE"]
[SourceTitle "playchess.com"]
[Source "ChessBase"]
[SourceQuality "1"]
[TimeControl "40/5400+30:1800+30"]

1. e4 c5 2. Nf3 d6 3. Bb5+ Nd7 4. Ba4 Ngf6 5. O-O e5 6. c3 {[%emt 0:04:26] B51: Sicilian: Moscow Variation (3 Bb5+) without 3...Bd7.} Be7 7. d4 O-O 8. Re1 {[%emt 0:01:11] White has an edge.} cxd4 9. cxd4 {[%emt 0:00:26] [#]} a6 $146 ({Predecessor:} 9... exd4 10. Nxd4 Nc5 11. Bc2 d5 12. e5 Nfe4 13. Nd2 Qb6 14. Nxe4 Nxe4 15. Rb1 Bc5 {0-1 (44) Vasli,A (2413)-Gabrielian,A (2465) Chess.com INT 2019}) 10. Nc3 b5 11. Bc2 Bb7 12. a3 Re8 13. h3 Bf8 14. Bg5 h6 15. Be3 exd4 16. Bxd4 Nc5 17. Nd2 Rc8 18. Qf3 Ne6 (18... Nfd7 $5 ) 19. Bxf6 Qxf6 20. Qxf6 gxf6 21. Rad1 a5 ({Black should try} 21... Nf4 $11) 22. Bb3 b4 23. axb4 axb4 24. Nd5 Bxd5 25. Bxd5 Nf4 26. Bc4 Re5 {[%emt 0:00:23] [#]} (26... f5 $14) 27. g3 $1 $16 Ne6 28. Bd5 Nc7 {[%emt 0:00:27] [#]} (28... Nd4 $16) 29. Nc4 $1 $18 Ree8 (29... Re7 $142) 30. Bc6 Re7 31. Nxd6 Rb8 32. Nf5 Re5 33. Rd7 Nb5 (33... Ne6 34. Bd5 Nc5) 34. Bd5 {[%emt 0:00:55] White is clearly winning.} Kh8 35. Rxf7 Rbe8 36. Rc1 {[%emt 0:00:38] Weighted Error Value: White=0.08 (flawless) /Black=0.30} 1-0

[Event "Prague Festival Open 2022"]
[Site "Prague"]
[Date "2022.06.10"]
[Round "1.5"]
[White "Giacomini, Hector"]
[Black "Iniyan, P."]
[Result "0-1"]
[ECO "E60"]
[WhiteElo "2084"]
[BlackElo "2518"]
[Annotator "TA"]
[PlyCount "58"]
[EventDate "2022.06.10"]
[EventType "swiss"]
[EventCountry "CZE"]
[SourceTitle "playchess.com"]
[Source "ChessBase"]
[SourceQuality "1"]
[TimeControl "40/5400+30:1800+30"]

1. Nf3 Nf6 2. e3 g6 3. d4 Bg7 4. c4 O-O 5. Be2 c5 6. dxc5 {[%emt 0:00:05] E60: King's Indian: Unusual lines and Fianchetto Variation without Nc3.} Qa5+ 7. Bd2 Qxc5 8. Nc3 {[%emt 0:00:11] The position is equal.} e6 9. O-O {[%emt 0:01:36] [#]} Rd8 $146 ({Predecessor:} 9... Nc6 10. Qc2 d5 11. cxd5 Nxd5 12. Rac1 Bd7 13. a3 Rac8 14. b4 Qd6 15. Qb3 Nce7 {0-1 (59) Tataru,E-Tudor,I (1900) Techirghiol 1998}) 10. b4 Qe7 11. Rc1 (11. e4 $5 ) 11... d5 12. Qb3 dxc4 13. Bxc4 Nc6 14. a3 g5 15. Rfd1 g4 16. Ng5 (16. Nd4 $5 ) 16... a5 (16... Ne5 $11) 17. Nce4 ({Better is} 17. Na4 $14) 17... Nd5 $1 $15 {[%emt 0:02:24] Threatens to win with ...h6.} 18. Be1 {[%emt 0:14:08] [#]} (18. f4 $1 $11) 18... a4 (18... h6 $1 $17 19. Nxe6 fxe6) 19. Qa2 (19. Qb1 $1 $15 f5 20. b5) 19... h6 $36 {[%emt 0:00:39][%mdl 2048] Black is in control.} 20. Bxd5 $2 {[%emt 0:12:01] Loses the game.} (20. Nxe6 $17 fxe6 21. Ng3) 20... exd5 $19 21. Rxd5 hxg5 22. Nxg5 Be6 23. Nxe6 Qxe6 ({Worse is} 23... fxe6 24. Rxd8+ Rxd8 25. Qc2 $17) 24. Rxd8+ Rxd8 (24... Nxd8 $2 {loses.} 25. Qc4 $19) 25. Qxe6 fxe6 26. Kf1 Bb2 27. Rc4 Ne5 ({Inferior is} 27... Bxa3 28. Rxg4+ Kf7 29. b5 $15) 28. Rc2 Bxa3 29. Bc3 (29. b5 $142) 29... Rc8 {[%emt 0:00:14] Weighted Error Value: White=0.59/Black=0.17 (very precise)} 0-1

[Event "Prague Festival Open 2022"]
[Site "Prague"]
[Date "2022.06.10"]
[Round "1.6"]
[White "Omelja, Artem"]
[Black "Shatil, Shir"]
[Result "1/2-1/2"]
[ECO "E41"]
[WhiteElo "2515"]
[BlackElo "2083"]
[Annotator "TA"]
[PlyCount "83"]
[EventDate "2022.06.10"]
[EventType "swiss"]
[EventCountry "CZE"]
[SourceTitle "playchess.com"]
[Source "ChessBase"]
[SourceQuality "1"]
[TimeControl "40/5400+30:1800+30"]

1. d4 {[%emt 0:02:28] Prusikin,M} e6 2. c4 Nf6 3. Nc3 Bb4 4. e3 c5 5. Bd3 O-O 6. Nf3 Bxc3+ 7. bxc3 d6 8. O-O Nc6 9. Nd2 e5 10. d5 Ne7 11. Qc2 g6 {[%emt 0:01:17][%cal Bg7g6,Bg6g5][%mdl 32] has lost popularity (11...Ng6).} 12. f4 {[%emt 0:02:16] E41: Nimzo-Indian: Rubinstein: 4...c5 5 Bd3, including Hübner Variation.} exf4 13. Rxf4 Ng4 {[%emt 0:11:49] [#]} 14. e4 $146 ({Predecessor:} 14. Nf3 f6 15. h3 Ne5 16. Nxe5 dxe5 17. Rf1 f5 18. a4 a5 19. Bd2 Qd6 20. Rf2 {0-1 (45) Mesaros,F (2449)-Prusikin,M (2517) Lienz 2019 EXT 2020 [Prusikin,M]}) 14... g5 15. Rf3 Ng6 16. h3 ({White should try} 16. Nf1 $11) 16... N4e5 $15 17. Rf2 g4 18. hxg4 Nxg4 {[%emt 0:00:09] Pair of Knights!} 19. Rf3 N6e5 {[%emt 0:04:53] Hoping for ...Qh4.} 20. Rg3 (20. Rh3 $1 $15) 20... Qh4 21. Nf1 {[%emt 0:00:08] [#]} Kh8 (21... f5 $1 $17 {[%cal Rf5e4] And now ...fxe4 would win.} 22. Rh3 (22. exf5 Nxd3 23. Qxd3 Rxf5 $17) 22... Qe1) 22. Bf4 $11 Rg8 23. Be2 Rg6 24. Bxg4 Nxg4 (24... Bxg4 $17 25. Ne3 Re8) 25. Rf3 (25. a4 $11) 25... Bd7 $17 26. Bg3 Qe7 (26... Qh5 $15 27. Bf4 Rag8) 27. Re1 f6 28. Re2 Rag8 29. Qd2 (29. Ne3 $15 Ne5 30. Bxe5 fxe5 31. Ref2) 29... R8g7 ({Better is} 29... Ne5 $17 30. Bxe5 fxe5) 30. Qd3 (30. Ne3 $11 Rg5 31. Bf4) 30... Rg8 ({Black should play} 30... Rh6 $15) 31. Bf4 (31. Qd2 $11) 31... Qg7 {[%emt 0:01:54] [#] White must now prevent ...Ne5.} 32. Qd2 ({Avoid the trap} 32. Bxd6 $2 Ne5 33. g3 Nxd3 $19) (32. Rg3 $5 ) 32... Qe7 33. Ng3 (33. Bg3 $11 {remains equal.}) 33... Ne5 34. Bxe5 fxe5 35. Nf5 Qf6 (35... Bxf5 $17 36. exf5 Rg4) 36. Ref2 (36. Qe1 $11 {keeps the balance.} Bxf5 37. Rxf5) 36... Bxf5 37. Rxf5 Qh4 38. Qe3 Rh6 39. Kf1 Rhg6 {[%emt 0:01:20] ...Rg3 is the strong threat.} 40. Kg1 $1 Rh6 41. Kf1 Rhg6 42. Kg1 $1 {[%emt 0:00:42] Against Qh1+.  Weighted Error Value: White=0.29 (precise) /Black=0.25 (precise)} 1/2-1/2

[Event "Prague Festival Open 2022"]
[Site "Prague"]
[Date "2022.06.10"]
[Round "1.7"]
[White "Muzik, Martin"]
[Black "Alsina Leal, Daniel"]
[Result "0-1"]
[ECO "B13"]
[WhiteElo "2074"]
[BlackElo "2508"]
[Annotator "TA"]
[PlyCount "78"]
[EventDate "2022.06.10"]
[EventType "swiss"]
[EventCountry "CZE"]
[SourceTitle "playchess.com"]
[Source "ChessBase"]
[SourceQuality "1"]
[TimeControl "40/5400+30:1800+30"]

1. e4 c6 2. d4 d5 3. exd5 cxd5 4. c3 Nf6 5. Bd3 Bg4 6. Nf3 Qc7 {[%emt 0:06:54] B13: Caro-Kann: Exchange Variation and Panov-Botvinnik Attack.} 7. Qa4+ Bd7 8. Qc2 Nc6 {[%emt 0:04:36] The position is equal.} 9. Bg5 {[%emt 0:02:29] [#]} (9. O-O $142) 9... Bg4 $146 (9... h6 $5 10. Bh4 Nh5 $11) ({Predecessor:} 9... e6 10. O-O Bd6 11. Re1 Ng4 12. h3 Nf6 13. Qe2 h6 14. Bc1 O-O-O 15. b4 g5 {1-0 (38) Herrera,M (2007)-Perez,L (1957) Cali 2008}) 10. Nbd2 e6 11. Bh4 Nh5 12. Bg3 Nf4 13. O-O Bd6 14. Rfe1 O-O-O 15. Re3 ({Don't blunder} 15. Bxh7 $2 g6 16. Bxg6 (16. Bxf4 $2 Bxf4 17. g3 Bxd2 $19) 16... Nxg6 $19) 15... h5 16. Ne5 (16. h4 $1 $11) 16... Nxe5 (16... Bxe5 $17 17. dxe5 d4 18. cxd4 Nxd3 19. Rxd3 Bf5) 17. Bxf4 Nc4 18. Bxd6 Nxe3 19. fxe3 Rxd6 20. h3 Bf5 21. Bxf5 exf5 22. Qxf5+ Qd7 23. Qd3 Re8 24. Rf1 Qe7 25. Rf3 Rf6 {[%emt 0:00:22] Against Qf5+} 26. Rxf6 Qxf6 $17 {[%emt 0:00:05][%mdl 4096] Endgame KQR-KQN} ({Worse is} 26... gxf6 27. Kf2 $17) 27. Nf3 Qe6 28. Kf2 Qe4 29. Qxe4 dxe4 {[%emt 0:02:04] KR-KN} ({Stronger than} 29... Rxe4 30. Ne5 $17) 30. Ne5 f6 31. Ng6 {[%emt 0:00:21] [#]} (31. Nc4 $17 {is a better defense.} Kd7 32. a4) 31... Re6 $1 $19 32. Kg3 $2 (32. Nf4 {might work better.} Ra6 33. a3) 32... Ra6 33. a3 Rb6 34. b4 (34. h4 $142) 34... Ra6 35. Kf4 Rxa3 36. c4 Ra4 37. Kxe4 $2 {[%emt 0:00:08] [#]} (37. Ne7+ Kd7 38. Nd5) 37... Rxb4 {[%emt 0:00:11] Black is clearly winning.} 38. Kd3 Rb3+ 39. Ke4 a5 {[%emt 0:00:26] Weighted Error Value: White=0.46/Black=0.06 (flawless)} 0-1

[Event "Prague Festival Open 2022"]
[Site "Prague"]
[Date "2022.06.10"]
[Round "1.8"]
[White "Santiago, Yago De Moura"]
[Black "Mlynek, Petr"]
[Result "1-0"]
[ECO "D47"]
[WhiteElo "2498"]
[BlackElo "2073"]
[Annotator "TA"]
[PlyCount "81"]
[EventDate "2022.06.10"]
[EventType "swiss"]
[EventCountry "CZE"]
[SourceTitle "playchess.com"]
[Source "ChessBase"]
[SourceQuality "1"]
[TimeControl "40/5400+30:1800+30"]

1. d4 d5 2. c4 c6 3. Nf3 e6 4. e3 Nf6 5. Nc3 Nbd7 6. Bd3 dxc4 7. Bxc4 b5 8. Bb3 a6 9. a4 Bb7 10. O-O b4 11. Ne2 c5 12. Nf4 {[%emt 0:00:32] D47: Semi-Slav: Meran System.} (12. a5 $15) 12... Bd6 13. Ng5 {[%emt 0:06:10][%cal Og5f7] Hoping for Nxf7!} Bxf4 ({Black should play} 13... Qe7 $1 $15) 14. exf4 $11 {[%emt 0:00:08][%cal Of4f5] And now f5! would win. The position is equal.} O-O 15. Be3 Rc8 16. Rc1 {[%emt 0:07:57][%cal Rd4c5] [#]} cxd4 $146 ({Predecessor:} 16... Qa5 17. Qe2 h6 18. Nf3 Bd5 19. Bxd5 Nxd5 20. dxc5 Nxe3 21. Qxe3 Rxc5 22. Rxc5 Qxc5 23. Rc1 Qa5 {½-½ (48) Epishin,V (2300)-Meister,J (2405) Togliatti 1985}) 17. Qxd4 Bd5 18. Bxd5 ({Not} 18. Qxb4 $2 Rb8 19. Qd2 Rxb3 $19) 18... Nxd5 19. Qd3 N7f6 20. Qxa6 (20. Rxc8 {with more complications.} Qxc8 21. Rc1 Qd7 22. b3) 20... Nxe3 {[%emt 0:07:22] Pair of Knights!} (20... Ra8 $1 $11 21. Qd3 Nxe3 22. Qxe3 Rxa4) 21. Rxc8 ({Worse is} 21. fxe3 Rxc1 22. Rxc1 Qd2 $17) 21... Qxc8 22. Qxc8 Rxc8 23. fxe3 {[%emt 0:00:07][%mdl 4096] Endgame KRN-KRN} Rc2 24. Rb1 Nd5 25. a5 Nxe3 26. a6 ({White should try} 26. g3 $16) 26... Rc7 $2 (26... Rxg2+ $11 {and Black stays safe.} 27. Kh1 Rc2) 27. Ne4 $18 Kf8 28. Nd6 (28. Ra1 $18 {aiming for a7.} Ra7 29. Nd6) 28... Nd5 $16 29. Ra1 Ra7 {[%emt 0:02:00] [#]} (29... Ke7 $16) 30. Nb5 $1 $18 Ra8 31. a7 Ke7 32. g3 Kd7 {[%emt 0:04:14] [#]} 33. Rc1 f6 (33... g6 $142 34. Kf2 Rh8) 34. Kf2 g5 35. Kf3 (35. f5 $142) 35... gxf4 36. gxf4 {[%emt 0:00:13][%cal Of4f5] Black must now prevent f5!} Rg8 $2 (36... f5 37. Rc2 h5) 37. Ke4 {[%emt 0:02:17] Strongly threatening f5.} h5 (37... f5+ $142 38. Ke5 Ra8) 38. h3 (38. f5 $142) 38... f5+ 39. Ke5 Ra8 40. h4 Ke7 (40... b3 $142 41. Rc4 Rg8) 41. Rc6 {[%emt 0:30:33] Weighted Error Value: White=0.30/Black=0.42} 1-0

[Event "Prague Festival Open 2022"]
[Site "Prague"]
[Date "2022.06.11"]
[Round "2.1"]
[White "Motylev, Alexander"]
[Black "Mannion, Stephen R"]
[Result "1-0"]
[ECO "C92"]
[WhiteElo "2633"]
[BlackElo "2247"]
[Annotator "TA"]
[PlyCount "73"]
[EventDate "2022.06.10"]
[EventType "swiss"]
[EventCountry "CZE"]
[SourceTitle "playchess.com"]
[Source "ChessBase"]
[SourceQuality "1"]
[TimeControl "40/5400+30:1800+30"]

1. e4 e5 2. Nf3 Nc6 3. Bb5 a6 4. Ba4 Nf6 5. O-O Be7 6. Re1 b5 7. Bb3 d6 8. c3 O-O 9. h3 Bb7 10. d4 Nd7 11. Nbd2 exd4 {[%emt 0:00:49] C92: Closed Ruy Lopez: 9...Be6, Karpov and Flohr-Zaitsev Variations.} 12. cxd4 Bf6 13. Nf1 Na5 {[%emt 0:00:14] The position is equal.} 14. Bc2 Re8 {[%emt 0:00:47] Prevents e5.} 15. Ng3 g6 $1 {[%emt 0:01:56] Prevents Nf5.} 16. Bh6 c5 (16... Nc4 $11) 17. e5 $1 $16 dxe5 18. dxc5 Qc7 {[%emt 0:13:03] [#]} 19. b4 $146 ({Predecessor:} 19. Rc1 Rad8 20. Qe2 Bg7 21. Bxg7 Kxg7 22. b4 Bxf3 23. Qxf3 Nc6 24. Ne4 Nd4 25. Qg3 {½-½ (48) Baron,T (2541)-Postny,E (2605) Jerusalem 2019}) 19... Nc4 20. Nh2 (20. Nd2 $16) 20... a5 (20... Qc6 21. Be4 Qc7 22. Qf3 Bxe4 23. Nxe4 $16) 21. Ng4 Bh8 (21... Bg7 $11 {deserves consideration.}) 22. Ne4 $36 {[%emt 0:15:20][%mdl 2048] White is more active.} Ra6 $2 {[%emt 0:16:00] [#] Black cannot hold the game after this.} (22... axb4 $2 23. Qxd7 $3 Qxd7 24. Ngf6+ Bxf6 25. Nxf6+ Kh8 26. Nxd7 $18) ({Black should play} 22... Bxe4 $14 23. Bxe4 Rad8) 23. a4 $1 $18 axb4 {[%emt 0:00:11] Threatens to win with ...Bxe4.} 24. axb5 Rxa1 25. Qxa1 Bxe4 26. Bxe4 {[%emt 0:00:31] And now Rc1 would win.} (26. Rxe4 Qxc5 27. Qa2 Nd6 $14) 26... Nxc5 {[%emt 0:03:43] [#]} 27. Bc6 ({Weaker is} 27. Bd5 Nb6 28. Bc6 Rb8 $11) 27... Rb8 28. Qc1 Nd3 {[%emt 0:00:06] [#]} (28... Nd6 {keeps fighting.}) 29. Qxc4 $1 Nxe1 30. Bd2 {[%emt 0:00:54] This bishop pair is nice.} b3 31. Qxb3 h5 32. Ne3 Nxg2 (32... Qxc6 $2 33. bxc6 Rxb3 34. c7) 33. Kxg2 ({Less strong is} 33. Bxg2 Qd7 34. Nd5 (34. Bd5 Rxb5 35. Qc4 Rb8 $11) 34... Rxb5 $14) 33... Bg7 (33... Qxc6+ $2 34. bxc6 Rxb3 35. c7 $18) 34. Nd5 {[%emt 0:01:14] White is clearly winning.} Qd6 35. Bb4 Qd8 36. Be7 Qa5 37. Bd6 {[%emt 0:00:33] Weighted Error Value: White=0.05 (flawless) /Black=0.42} 1-0